 Dungeon Crawl Stone Soup version 0.27-a0-40-g5f2be0e231 (webtiles) character file.

Game seed: 18372717273042327058

466315 HoaS the Wrestler (level 23, 0/252 HPs)
             Began as a Troll Gladiator on Jan 4, 2021.
             Was the Champion of Makhleb.
             Killed by the air
             ... invoked by a spriggan air mage
              (19 damage)
             ... on level 4 of the Depths on Jan 5, 2021.
             The game lasted 02:07:14 (44706 turns).

HoaS the Wrestler (Troll Gladiator)                Turns: 44706, Time: 02:07:15

Health: 0/252      AC: 16    Str: 28    XL:     23   Next: 45%
Magic:  22/22      EV: 18    Int:  7    God:    Makhleb [******]
Gold:   2260       SH:  5    Dex: 22    Spells: 22/22 levels left

rFire    . . .     SeeInvis .     - Unarmed
rCold    + . .     Faith    .   (no shield)
rNeg     . . .     Spirit   .   t - +5 storm dragon scales
rPois    .         Reflect  +   P - +2 hat {Int+3}
rElec    +         Harm     .   J - +3 cloak of the Bulwark {rC+ Dex+4}
rCorr    .         Rampage  .   (gloves unavailable)
Will     +....                  (boots unavailable)
Stlth    ..........             L - amulet of reflection
HPRegen  0.92/turn              b - +4 ring of slaying
MPRegen  0.18/turn              M - +4 ring of protection

@: mighty, about to teleport, corroded
A: large, unfitting armour, claws 3, regeneration 1, shaggy fur 1, tough skin 3
}: 2/15 runes: serpentine, barnacled
a: Renounce Religion, Minor Destruction, Lesser Servant of Makhleb, Major
Destruction, Greater Servant of Makhleb


You were on level 4 of the Depths.
You worshipped Makhleb.
Makhleb was exalted by your worship.
You visited 8 branches of the dungeon, and saw 41 of its levels.
You visited the Abyss 1 time.
You also visited: Sewer, Ossuary, Bailey, Gauntlet and Ice Cave.

You collected 6598 gold pieces.
You spent 4338 gold pieces at shops.

Inventory:

Missiles
 f - 56 large rocks (quivered)
 h - 110 boomerangs
 k - 3 silver boomerangs
 u - 55 silver javelins
 y - 48 javelins
 R - 3 throwing nets
Armour
 t - +5 storm dragon scales (worn)
 C - a +0 hat of see invisible
 J - the +3 cloak of the Bulwark (worn) {rC+ Dex+4}
   (You acquired it on level 1 of the Lair of Beasts)

   It affects your dexterity (+4).
   It protects you from cold.
 P - a +2 hat of intelligence (worn)
Jewellery
 b - a +4 ring of slaying (left claw)
 c - an uncursed ring of poison resistance
 l - a +6 ring of strength
 w - a +6 ring of dexterity
 E - a +6 ring of dexterity
 F - an uncursed ring of ice
 L - an amulet of reflection (around neck)
 M - a +4 ring of protection (right claw)
 U - an uncursed ring of willpower
Wands
 p - a wand of digging (11)
 N - a wand of acid (22)
Scrolls
 e - 10 scrolls of fog
 g - 14 scrolls of teleportation
 q - 26 scrolls of remove curse
 v - 33 scrolls of identify
 x - 2 scrolls of blinking
 A - 7 scrolls of fear
 O - 3 scrolls of magic mapping
 S - 3 scrolls of holy word
 V - a scroll of summoning
Potions
 a - 8 potions of ambrosia
 d - 9 potions of mutation
 i - 4 potions of haste
 j - 8 potions of attraction
 m - 29 potions of curing
 n - 8 potions of berserk rage
 o - 14 potions of flight
 r - a potion of cancellation
 s - 7 potions of lignification
 z - 3 potions of resistance
 B - a potion of invisibility
 D - a potion of heal wounds
 K - 5 potions of might


   Skills:
 * Level 19.3 Fighting
 - Level 5.0 Throwing
 + Level 15.3 Armour
 + Level 15.4 Dodging
 * Level 24.5 Unarmed Combat


You had 22 spell levels left.
You didn't know any spells.
Your spell library contained the following spells:

 Spells                   Type           Power        Failure   Level
 Animate Skeleton         Necr           0%           85%         1
 Beastly Appendage        Tmut           0%           85%         1
 Corona                   Hex            0%           85%         1
 Foxfire                  Conj/Fire      0%           85%         1
 Freeze                   Ice            0%           85%         1
 Magic Dart               Conj           0%           85%         1
 Pain                     Necr           0%           85%         1
 Summon Small Mammal      Summ           0%           85%         1
 Blink                    Tloc           N/A          94%         2
 Call Imp                 Summ           0%           94%         2
 Ensorcelled Hibernation  Hex/Ice        0%           94%         2
 Passwall                 Tmut/Erth      0%           94%         2
 Poisonous Vapours        Pois/Air       0%           94%         2
 Slow                     Hex            0%           94%         2
 Swiftness                Air            0%           94%         2
 Wereblood                Tmut           0%           94%         2
 Call Canine Familiar     Summ           0%           99%         3
 Confusing Touch          Hex            0%           99%         3
 Conjure Flame            Conj/Fire      0%           99%         3
 Dazzling Flash           Conj/Hex       0%           99%         3
 Gell's Gravitas          Tloc           0%           99%         3
 Inner Flame              Hex/Fire       0%           99%         3
 Mephitic Cloud           Conj/Pois/Air  0%           99%         3
 Ozocubu's Armour         Ice            0%           99%         3
 Portal Projectile        Hex/Tloc       0%           99%         3
 Spider Form              Tmut/Pois      0%           99%         3
 Stone Arrow              Conj/Erth      0%           99%         3
 Summon Guardian Golem    Hex/Summ       0%           99%         3
 Tukima's Dance           Hex            0%           99%         3
 Vampiric Draining        Necr           0%           99%         3
 Animate Dead             Necr           0%           100%        4
 Cause Fear               Hex            0%           100%        4
 Hailstorm                Conj/Ice       0%           100%        4
 Ice Form                 Ice/Tmut       0%           100%        4
 Leda's Liquefaction      Hex/Erth       0%           100%        4
 Passage of Golubria      Tloc           N/A          100%        4
 Petrify                  Tmut/Erth      0%           100%        4
 Sticky Flame             Conj/Fire      0%           100%        4
 Summon Ice Beast         Ice/Summ       0%           100%        4
 Summon Lightning Spire   Summ/Air       0%           100%        4
 Agony                    Necr           0%           100%        5
 Blade Hands              Tmut           0%           100%        5
 Bolt of Magma            Conj/Fire/Erth 0%           100%        5
 Borgnjor's Vile Clutch   Necr/Erth      0%           100%        5
 Fireball                 Conj/Fire      0%           100%        5
 Irradiate                Conj/Tmut      0%           100%        5
 Iskenderun's Battlesphe  Conj           0%           100%        5
 Lee's Rapid Deconstruct  Erth           0%           100%        5
 Metabolic Englaciation   Hex/Ice        0%           100%        5
 Summon Demon             Summ           0%           100%        5
 Summon Forest            Summ/Tloc      0%           100%        5
 Summon Mana Viper        Hex/Summ       0%           100%        5
 Yara's Violent Unravell  Hex/Tmut       0%           100%        5
 Conjure Ball Lightning   Conj/Air       0%           100%        6
 Death Channel            Necr           0%           100%        6
 Freezing Cloud           Conj/Ice/Air   0%           100%        6
 Hydra Form               Tmut           0%           100%        6
 Invisibility             Hex            0%           100%        6
 Iron Shot                Conj/Erth      0%           100%        6
 Shadow Creatures         Summ           N/A          100%        6
 Simulacrum               Ice/Necr       0%           100%        6
 Statue Form              Tmut/Erth      0%           100%        6
 Dragon Form              Tmut           0%           100%        7
 Orb of Destruction       Conj           0%           100%        7
 Spellforged Servitor     Conj/Summ      0%           100%        7
 Summon Hydra             Summ           0%           100%        7
 Dragon's Call            Summ           0%           100%        9


Dungeon Overview and Level Annotations

Branches:
Dungeon (15/15)            Temple (0/1) D:6            Lair (6/6) D:11
 Shoals (4/4) Lair:2        Snake (4/4) Lair:2        Slime (0/5) Lair:5
    Orc (2/2) D:11            Elf (2/3) Orc:2        Vaults (4/5) D:14
  Crypt (0/3) Vaults:2     Depths (4/5) D:15          Sewer (visited)
Ossuary (visited)          Bailey (visited)           IceCv (visited)
Gauntlet (visited)

Altars:
Ashenzari
Dithmenos
Fedhas
Hepliaklqana
Kikubaaqudgha
Makhleb
Nemelex Xobeh
Qazlal
Ru
Sif Muna
Trog
Uskayaw
Wu Jian
Zin
The Shining One
Beogh
Jiyva

Shops:
D:8 (*?   D:11 *   D:12 =   D:15 (   Orc:1 *   Orc:2 [[[[(   Elf:1 }   Elf:2 =[
Vaults:2 }   Depths:1 }!=}

Portals:
Hell: Depths:1 Depths:2 Depths:3
Abyss: Depths:1 Depths:2
Pandemonium: Depths:1 Depths:2 Depths:3
Trove: D:14 (give horn of Geryon)

Annotations:
D:6 Prince Ribbit
D:13 2 transporters
Lair:4 exclusion: oklob plant
Lair:5 Kirke
Lair:6 exclusion: 3 oklob plants


Innate Abilities, Weirdness & Mutations

You are too large for most types of armour.
You have claws for hands.
Your natural rate of healing is unusually fast.
You are covered in fur. (AC +1)
You have extremely tough skin. (AC +3)


Message History

The caustic shrike closely misses you.
You miss the caustic shrike.
The caustic shrike is lightly wounded.
The caustic shrike closely misses you.
The caustic shrike claws you but does no damage. x3
You claw the caustic shrike!
The caustic shrike is lightly wounded.
The caustic shrike claws you but does no damage.
The caustic shrike claws you!
* * * LOW HITPOINT WARNING * * *
You are splashed with acid!
* * * LOW HITPOINT WARNING * * *
The caustic shrike claws you.
* * * LOW HITPOINT WARNING * * *
You are splashed with acid!
* * * LOW HITPOINT WARNING * * *
You block the caustic shrike's attack.
The spriggan air mage waves its arms in wide circles.
The air twists around and strikes you!!
You die...

############ ##.#⌠..##
#..........### #.##..##
#....##....#.### ####.#...#
''))#8.#..''...## ##..#'....#
.#........#.....###....'#....#
.##########...≈≈.##.....#....#
## ###.)⌠≈.##....##.+##
##..≈..#..##.##+ ##b@..##(.#.#
#bbb..#..8.# ..iD.####.##.#
#(..####..'..#.# #...
+....'....# #.8. +....#....#
#.. #.≈..#....# ##+
#.⌠≈.##++## #.8≈.#


You could see 4 caustic shrikes, a storm dragon and a spriggan air mage (repels
missiles).

Vanquished Creatures
  Vashnia (Snake:2)
  Bai Suzhen (Snake:4)
  Frederick (Vaults:2)
  2 caustic shrikes
  Saint Roka (Orc:2)
  2 golden dragons (Depths:3)
  2 liches (Depths:3)
  Jorgrun (Snake:2)
  Rupert (D:12)
  2 tentacled monstrosities
  The ghost of Dofenn the Tortoise, an adept MiFi of the Shining One (Vaults:4)
  A deep elf blademaster (Elf:2)
  2 titans (Depths:3)
  Asterion (Elf:1)
  Gastronok (D:12)
  A tentacled starspawn (Abyss:2)
  Frances (Elf:1)
  A sphinx (Depths:2)
  The ghost of bmj180 the Sorcerer, an adept DECj of Vehumet (Snake:2)
  A tengu reaver (Depths:3)
  Roxanne (Elf:1)
  Donald (Snake:2)
  8 nagarajas
  Ilsuiw (Shoals:3)
  5 fire giants
  3 frost giants
  Aizul (Snake:4)
  13 vault wardens
  3 deep elf sorcerers
  A caustic shrike zombie (Depths:2)
  A cacodemon (Depths:1)
  15 ironheart preservers
  A caustic shrike skeleton (Depths:2)
  9 stone giants
  10 very ugly things
  4 deep elf annihilators
  A minotaur (Gauntlet)
  2 entropy weavers (Lair:4)
  Azrael (Orc:2)
  The ghost of p0werm0de the Wallflower, a journeyman DDFi of Uskayaw (Orc:2)
  The ghost of Life0 the Bludgeoner, a journeyman MiBe of Trog (D:12)
  A blizzard demon (Abyss:2)
  5 merfolk javelineers
  A death ooze (Gauntlet)
  A green death (Abyss:2)
  15 ettins
  8 fire dragons
  4 deep elf death magi
  12 merfolk impalers
  6 yaktaur captains
  12 naga warriors
  7 ogre magi
  5 great orbs of eyes
  7 ice dragons
  10 hydras
  A hell beast (Depths:3)
  11 vault guards
  2 rakshasas
  9 boulder beetles
  2 catoblepae
  A merfolk avatar (Shoals:4)
  Erica (D:9)
  6 anacondas
  4 alligator snapping turtles
  31 two-headed ogres
  3 death knights
  5 merfolk aquamancers
  3 satyrs
  11 centaur warriors
  20 dancing weapons
  3 vampire magi
  A queen ant (Lair:4)
  4 deep troll shamans
  6 death yaks
  8 tengu warriors
  6 deep troll earth magi
  4 orc high priests
  6 shock serpents
  3 large abominations (Abyss:2)
  A thrashing horror (Abyss:2)
  4 sun demons
  5 spriggan berserkers (Depths:2)
  A titan zombie (Depths:2)
  17 naga sharpshooters
  A soul eater (Depths:2)
  25 deep elf knights
  22 slime creatures
  A storm dragon skeleton (Vaults:2)
  3 salamander mystics
  4 unseen horrors
  4 sixfirhies
  14 hell knights
  A fire crab (Lair:5)
  An unseen horror (shapeshifter) (Vaults:4)
  A shadow demon (Depths:2)
  3 shadow wraiths
  A spriggan druid (Depths:1)
  14 deep trolls
  5 wizards
  14 skeletal warriors
  6 naga ritualists
  5 glowing orange brains
  A swamp dragon (Lair:6)
  A spectral anaconda (Snake:2)
  A flayed ghost (Depths:1)
  A tengu zombie (Depths:2)
  18 sea snakes
  A golden dragon skeleton (Depths:2)
  17 deep elf archers
  54 harpies
  2 phantasmal warriors
  10 ironbrand convokers
  10 necromancers
  11 orc knights
  A wolf spider zombie (D:15)
  2 wolf spiders
  6 mana vipers
  58 deep elf magi
  2 fire giant zombies (Depths:2)
  A sphinx skeleton (Depths:2)
  6 fauns
  9 salamanders
  18 manticores
  4 orc sorcerers
  4 cyclopes
  30 ugly things
  A will-o-the-wisp (Abyss:2)
  11 merfolk sirens
  Maurice (D:9)
  A salamander (shapeshifter) (Vaults:1)
  33 black mambas
  An ice statue (IceCv)
  An elf zombie (Depths:2)
  30 naga magi
  4 guardian serpents
  5 vault sentinels
  5 water nymphs
  A frost giant skeleton (Vaults:2)
  A spectral shock serpent (Snake:2)
  Psyche (D:12)
  2 smoke demons (Abyss:2)
  A stone giant skeleton (Vaults:2)
  3 orange demons (Abyss:2)
  A gargoyle (D:13)
  2 hellions (Abyss:2)
  13 cane toads
  3 kobold demonologists
  4 spriggan zombies
  3 freezing wraiths
  29 yaktaurs
  5 komodo dragons
  7 rime drakes
  2 guardian mummies (D:14)
  A yaktaur (shapeshifter) (Vaults:4)
  An anaconda simulacrum (Snake:2)
  2 ice devils
  33 merfolk
  An ancient zyme (Abyss:2)
  5 tengu conjurers
  27 polar bears
  A meliai (shapeshifter) (Vaults:4)
  A red devil (Depths:3)
  3 trolls
  7 wind drakes
  A merfolk (shapeshifter) (Depths:2)
  A queen bee (D:10)
  2 trolls (shapeshifter)
  A tengu simulacrum (Depths:2)
  A wolf spider simulacrum (D:15)
  A hornet (Vaults:2)
  Grinder (D:3)
  A blink frog (shapeshifter) (Depths:3)
  A wind drake (shapeshifter) (Vaults:1)
  2 raiju
  3 spectral nagas (Snake:2)
  4 blink frogs (Lair:2)
  17 dream sheep
  13 snapping turtles
  Sigmund (D:3)
  A frost giant simulacrum (Depths:2)
  A stone giant simulacrum (Depths:2)
  A spriggan (shapeshifter) (Vaults:3)
  4 ettin skeletons
  2 spriggan skeletons
  A shadow (D:15)
  A tarantella (shapeshifter) (D:15)
  2 spectral black mambas (Snake:2)
  51 yaks
  14 water elementals
  4 wyverns
  4 wraiths
  A spectral salamander (Snake:2)
  16 humans (D:14)
  5 basilisks
  3 hogs (Lair:5)
  A yak (shapeshifter) (Vaults:2)
  A small abomination (Abyss:2)
  A steam dragon (D:10)
  8 vampire mosquitoes
  2 chaos spawn
  6 fire elementals
  The ghost of bmj180 the Grave Robber, an amateur DsNe (D:3)
  47 nagas
  11 wargs
  A human zombie (D:15)
  4 acid dragons
  28 soldier ants
  11 water moccasins
  A floating eye (Depths:3)
  17 hell hounds
  2 swamp drakes (Lair:6)
  A meliai simulacrum (D:14)
  2 ice beasts
  A hornet zombie (Ossuary)
  2 sky beasts
  14 black bears
  26 ogres
  52 orc warriors
  7 phantoms
  7 boggarts
  2 orc skeletons (Vaults:2)
  42 wolves
  30 centaurs
  An elf simulacrum (Depths:2)
  4 big kobolds
  19 bullfrogs
  4 human skeletons (Vaults:2)
  A wyvern zombie (D:14)
  5 earth elementals
  A naga simulacrum (Snake:2)
  A water moccasin zombie (Ossuary)
  A scorpion (D:4)
  25 killer bees (D:10)
  8 wights
  An electric eel (Lair:2)
  4 howler monkeys
  3 bullfrog zombies
  2 quasits
  7 hounds
  An iron imp (Depths:2)
  8 centaur zombies
  14 mummies (Ossuary)
  25 orc priests
  2 bullfrog skeletons
  5 centaur skeletons
  5 jellies
  Crazy Yiuf (D:4)
  14 iguanas
  37 orc wizards
  A lightning spire (Gauntlet)
  30 worker ants
  4 hell rats (Lair:6)
  A killer bee zombie (Ossuary)
  3 hound zombies
  A hound skeleton (D:7)
  2 worker ant zombies (Ossuary)
  2 howler monkey zombies
  A howler monkey skeleton (D:8)
  14 adders
  2 river rats (Sewer)
  2 shadow imps
  4 white imps
  4 oozes
  5 ufetubi
  An adder skeleton (D:4)
  4 adder zombies
  6 worms
  3 dart slugs
  6 leopard geckos
  131 orcs
  3 ball pythons (Sewer)
  7 bats
  9 giant cockroaches
  10 hobgoblins
  12 jackals
  16 kobolds
  6 quokkas
  9 frilled lizards
  10 goblins
  A leopard gecko skeleton (D:6)
  A leopard gecko zombie (Ossuary)
  7 rats
2033 creatures vanquished.

Vanquished Creatures (others)
  2 deep elf knights
  An ogre mage (Vaults:1)
  An acid dragon (shapeshifter) (Abyss:2)
  A centaur skeleton (D:9)
  An ufetubus (Abyss:2)
  An orc (D:13)
  2 bushes
  28 fungi
  107 plants
  12 withered plants
156 creatures vanquished.

Grand Total: 2189 creatures vanquished

Notes
Turn   | Place    | Note
-------+----------+-------------------------------------------
     0 | D:1      | HoaS the Troll Gladiator began the quest for the Orb.
     0 | D:1      | Reached XP level 1. HP: 19/19 MP: 0/0
   150 | D:1      | Reached XP level 2. HP: 27/27 MP: 1/1
   441 | D:2      | Found a faded altar of an unknown god.
   487 | D:2      | Reached skill level 4 in Unarmed Combat
   554 | D:2      | Reached XP level 3. HP: 33/33 MP: 2/2
  1044 | D:3      | Found a runed translucent door.
  1044 | D:3      | Noticed bmj180's ghost (amateur DsNe)
  1156 | D:3      | Reached XP level 4. HP: 41/41 MP: 3/3
  1229 | D:3      | Reached skill level 5 in Unarmed Combat
  1455 | D:3      | Noticed Grinder
  1466 | D:3      | Paralysed by Grinder for 3 turns
  1474 | D:3      | Killed Grinder
  1475 | D:3      | Reached skill level 6 in Unarmed Combat
  1475 | D:3      | Reached XP level 5. HP: 9/48 MP: 4/4
  1475 | D:3      | Reached XP level 6. HP: 10/55 MP: 5/5
  1790 | D:3      | Noticed Sigmund
  1807 | D:3      | Killed Sigmund
  1808 | D:3      | Reached skill level 7 in Unarmed Combat
  2209 | D:4      | Reached skill level 8 in Unarmed Combat
  2209 | D:4      | Reached XP level 7. HP: 62/62 MP: 6/6
  2386 | D:4      | Reached skill level 9 in Unarmed Combat
  2432 | D:4      | Found a burning altar of Makhleb.
  2432 | D:4      | Noticed a balrug
  2463 | D:4      | Found a glowing silver altar of Zin.
  2492 | D:4      | Noticed a ynoxinul
  2492 | D:4      | Noticed a hellwing
  2494 | D:4      | Became a worshipper of Makhleb the Destroyer
  2615 | D:4      | Reached XP level 8. HP: 70/70 MP: 7/7
  2629 | D:4      | Reached skill level 10 in Unarmed Combat
  2687 | D:4      | Found a runed translucent door.
  2688 | D:4      | Noticed Crazy Yiuf
  2884 | D:4      | Killed Crazy Yiuf
  2915 | D:5      | Entered Level 5 of the Dungeon
  2932 | D:5      | Found a stormy altar of Qazlal.
  2936 | D:5      | Found a sparkling altar of Nemelex Xobeh.
  2944 | D:5      | Found a hazy altar of Hepliaklqana.
  2946 | D:5      | Found a bloodstained altar of Trog.
  2949 | D:5      | Found a glowing golden altar of the Shining One.
  2949 | D:5      | Found a shimmering blue altar of Sif Muna.
  3015 | D:5      | Found a blossoming altar of Fedhas.
  3020 | D:5      | Found an ancient bone altar of Kikubaaqudgha.
  3155 | D:5      | Found an ornate altar of the Wu Jian Council.
  3159 | D:5      | Found a broken altar of Ashenzari.
  3521 | D:6      | Noticed Prince Ribbit
  3522 | D:6      | Found a staircase to the Ecumenical Temple.
  3658 | D:6      | Reached * piety under Makhleb
  3885 | D:6      | Found a glowing drain.
  3900 | Sewer    | Entered a sewer
  4730 | D:7      | Reached XP level 9. HP: 80/83 MP: 8/8
  4743 | D:7      | Found a sand-covered staircase.
  4747 | Ossuary  | Entered an ossuary
  4848 | Ossuary  | Reached ** piety under Makhleb
  4931 | Ossuary  | Reached skill level 11 in Unarmed Combat
  5129 | D:7      | Found a flagged portal.
  5202 | Bailey   | Entered a bailey
  5202 | Bailey   | Noticed an orc knight
  5202 | Bailey   | Noticed an orc knight
  5567 | D:7      | Reached *** piety under Makhleb
  5910 | D:8      | Found Gutsu's Antique Weapon Shop.
  6009 | D:8      | Found Cudeucu's Magic Scroll Shoppe.
  6013 | D:8      | Found Orchoxt's General Store.
  6017 | D:8      | Bought a scroll of enchant armour for 90 gold pieces
  6017 | D:8      | Bought a scroll of enchant armour for 90 gold pieces
  6107 | D:8      | Found a sacrificial altar of Ru.
  6300 | D:8      | Reached XP level 10. HP: 90/90 MP: 9/9
  6882 | D:9      | Noticed Maurice
  6913 | D:9      | Killed Maurice
  6914 | D:9      | Reached skill level 12 in Unarmed Combat
  6918 | D:9      | Reached skill level 5 in Throwing
  6998 | D:9      | Reached **** piety under Makhleb
  6999 | D:9      | Reached skill level 5 in Fighting
  6999 | D:9      | Reached skill level 5 in Dodging
  7115 | D:9      | Noticed Erica
  7132 | D:9      | Killed Erica
  7716 | D:10     | Entered Level 10 of the Dungeon
  7797 | D:10     | Reached skill level 1 in Armour
  7823 | D:10     | HP: 4/96 [killer bee (1)]
  8040 | D:10     | Reached XP level 11. HP: 104/104 MP: 10/10
  8188 | D:10     | Reached ***** piety under Makhleb
  8206 | D:10     | Reached skill level 5 in Armour
  8247 | D:10     | Found a hide-covered altar of Uskayaw.
  8823 | D:11     | Found a staircase to the Lair.
  8916 | D:11     | Found a staircase to the Orcish Mines.
  8932 | D:11     | Noticed a two-headed ogre
  8942 | D:11     | Killed a two-headed ogre
  8985 | D:11     | Found Ysyd's General Store.
  9350 | Lair:1   | Entered Level 1 of the Lair of Beasts
  9357 | Lair:1   | Reached skill level 13 in Unarmed Combat
  9403 | Lair:1   | Identified a scroll of acquirement
  9403 | Lair:1   | Acquired the +3 cloak of the Bulwark {rC+ Dex+4}
 10328 | Lair:2   | Reached XP level 12. HP: 115/115 MP: 11/11
 10367 | Lair:2   | Noticed a five-headed hydra
 10412 | Lair:2   | Killed a seven-headed hydra
 10528 | Lair:2   | Reached skill level 14 in Unarmed Combat
 10578 | Lair:2   | Found a staircase to the Snake Pit.
 10579 | Lair:2   | Noticed a death yak
 10620 | Lair:2   | Killed a death yak
 10623 | Lair:2   | Noticed a death yak
 10623 | Lair:2   | Noticed a death yak
 10624 | Lair:2   | Noticed a death yak
 10639 | Lair:2   | Noticed a death yak
 10642 | Lair:2   | Killed a death yak
 10649 | Lair:2   | Killed a death yak
 10656 | Lair:2   | Killed a death yak
 10656 | Lair:2   | Reached ****** piety under Makhleb
 10663 | Lair:2   | Killed a death yak
 10692 | Lair:2   | Found a staircase to the Shoals.
 10891 | Lair:2   | Noticed a four-headed hydra
 10912 | Lair:2   | Killed a 13-headed hydra
 10965 | Lair:2   | Found a stormy altar of Qazlal.
 11772 | Lair:4   | Noticed a four-headed hydra
 11864 | Orc:1    | Entered Level 1 of the Orcish Mines
 11932 | D:12     | Found a runed translucent door.
 11932 | D:12     | Noticed Life0's ghost (journeyman MiBe)
 11932 | D:12     | Noticed Rupert
 11944 | D:12     | Killed Rupert
 12274 | D:3      | Killed bmj180's ghost
 12340 | D:6      | Reached XP level 13. HP: 127/127 MP: 12/12
 12565 | D:12     | Noticed Gastronok
 12581 | D:12     | Killed Gastronok
 12582 | D:12     | Reached skill level 15 in Unarmed Combat
 12607 | D:12     | Noticed Psyche
 12615 | D:12     | Killed Psyche
 12728 | D:12     | Found Wuhyhuz's Jewellery Emporium.
 12736 | D:12     | Bought an uncursed amulet of reflection for 300 gold pieces
 12736 | D:12     | Bought a +4 ring of protection for 360 gold pieces
 12856 | D:12     | Killed Life0's ghost
 12926 | Orc:1    | Paralysed by an orc sorcerer for 2 turns
 13188 | Orc:2    | Entered Level 2 of the Orcish Mines
 13221 | Orc:2    | Found Cyhig's Armour Boutique.
 13301 | Orc:2    | Found a roughly hewn altar of Beogh.
 13301 | Orc:2    | Found Relig's Antique Armour Shop.
 13831 | Orc:2    | Found a roughly hewn altar of Beogh.
 13832 | Orc:2    | Found Sip Arye's Armour Shoppe.
 13907 | Orc:2    | Found a runed translucent door.
 13907 | Orc:2    | Noticed p0werm0de's ghost (journeyman DDFi)
 14018 | Orc:1    | Found Cuicycag's General Store.
 14122 | Orc:2    | Found a roughly hewn altar of Beogh.
 14144 | Orc:2    | Noticed Azrael
 14156 | Orc:2    | Killed Azrael
 14390 | Orc:2    | Found a roughly hewn altar of Beogh.
 14449 | Orc:2    | Found a roughly hewn altar of Beogh.
 14482 | Orc:2    | Found a staircase to the Elven Halls.
 14525 | Orc:2    | Found a roughly hewn altar of Beogh.
 14703 | Orc:2    | Noticed Saint Roka
 14743 | Orc:2    | Killed Saint Roka
 14744 | Orc:2    | Reached skill level 16 in Unarmed Combat
 14764 | Orc:2    | Found Esigos's Antique Armour Shop.
 14767 | Orc:2    | Found a roughly hewn altar of Beogh.
 14769 | Orc:2    | Found Zolugan's Antique Weapon Boutique.
 14963 | Orc:2    | Killed p0werm0de's ghost
 14964 | Orc:2    | Reached XP level 14. HP: 127/137 MP: 13/13
 15008 | Orc:2    | Bought +1 storm dragon scales for 1392 gold pieces
 16601 | Lair:5   | Found a viscous altar of Jiyva.
 16601 | Lair:5   | Found a staircase to the Slime Pits.
 16852 | Lair:5   | Noticed Kirke
 17217 | Lair:6   | Entered Level 6 of the Lair of Beasts
 17528 | Lair:6   | Found a gate leading to a gauntlet.
 17584 | Gauntlet | Entered a Gauntlet
 17584 | Gauntlet | Found a transporter.
 17584 | Gauntlet | Found a transporter.
 17584 | Gauntlet | Found a runed translucent door.
 17584 | Gauntlet | Found a runed translucent door.
 17590 | Gauntlet | Found a transporter.
 17591 | Gauntlet | Found a runed translucent gate.
 17594 | Gauntlet | Found a runed translucent gate.
 17595 | Gauntlet | Found a runed translucent gate.
 17603 | Gauntlet | Found a transporter.
 17621 | Gauntlet | Found a transporter.
 17621 | Gauntlet | Found a transporter.
 17621 | Gauntlet | Found a transporter.
 17623 | Gauntlet | Found a transporter.
 17623 | Gauntlet | Found a transporter.
 17642 | Gauntlet | Found a transporter.
 17650 | Gauntlet | Found a transporter.
 17663 | Gauntlet | Found a transporter.
 17674 | Gauntlet | Found a transporter.
 17694 | Gauntlet | Found a transporter.
 17945 | Gauntlet | Reached skill level 17 in Unarmed Combat
 18006 | Gauntlet | Got a heavily runed bone ring
 18011 | Gauntlet | Identified the ring "Temef" {*Slow rPois Str+6 Int+2} (You
                  | found it in a Gauntlet)
 18062 | Gauntlet | Identified Sif Muna's Incunabulum of Damaging Clay
 18941 | Lair:6   | Reached XP level 15. HP: 90/149 MP: 14/14
 19306 | Lair:6   | Reached skill level 10 in Dodging
 19330 | Lair:6   | Reached skill level 10 in Armour
 19345 | Lair:6   | Reached skill level 10 in Fighting
 19718 | D:12     | Acquired 965 gold pieces
 20487 | D:13     | Found a transporter.
 20489 | D:13     | Found a viscous altar of Jiyva.
 20512 | D:13     | Found a transporter.
 21044 | D:14     | Reached skill level 18 in Unarmed Combat
 21108 | D:14     | Found a gate to the Vaults.
 21178 | D:14     | Found a shadowy altar of Dithmenos.
 21636 | D:14     | Found a portal to a secret trove of treasure.
 21722 | D:15     | Entered Level 15 of the Dungeon
 21727 | D:15     | Found a staircase to the Depths.
 21801 | D:15     | Reached XP level 16. HP: 161/161 MP: 15/15
 21827 | D:15     | Found a frozen archway.
 21843 | IceCv    | Entered an ice cave
 22654 | D:15     | Found Obrab's Weapon Boutique.
 22805 | D:15     | Found a runed translucent door.
 23271 | D:15     | Paralysed by a great orb of eyes for 2 turns
 23370 | D:15     | Upgraded the game from 0.27-a0-34-gc18c9092ac to
                  | 0.27-a0-40-g5f2be0e231
 23549 | Snake:1  | Entered Level 1 of the Snake Pit
 23667 | Snake:1  | Reached skill level 19 in Unarmed Combat
 24136 | Snake:2  | Noticed Donald
 24151 | Snake:2  | Killed Donald
 24265 | Snake:2  | Found a runed translucent gate.
 24265 | Snake:2  | Found a runed translucent gate.
 24265 | Snake:2  | Found a runed translucent gate.
 24267 | Snake:2  | Noticed bmj180's ghost (adept DECj)
 25174 | Snake:2  | Killed bmj180's ghost
 25292 | Snake:3  | Reached XP level 17. HP: 90/172 MP: 16/16
 25573 | Snake:3  | Noticed Vashnia
 25584 | Snake:3  | Noticed Jorgrun
 25594 | Snake:2  | Killed Jorgrun
 25643 | Snake:2  | Killed Vashnia
 26369 | Snake:4  | Entered Level 4 of the Snake Pit
 26772 | Snake:4  | Noticed Aizul
 26781 | Snake:4  | Killed Aizul
 26885 | Snake:4  | Reached skill level 20 in Unarmed Combat
 27057 | Snake:4  | Noticed Bai Suzhen
 27074 | Snake:4  | Killed Bai Suzhen
 28258 | Snake:4  | Reached XP level 18. HP: 187/187 MP: 17/17
 28872 | Snake:4  | Got a serpentine rune of Zot
 29181 | D:12     | Bought a +4 ring of slaying for 780 gold pieces
 29327 | Shoals:1 | Entered Level 1 of the Shoals
 30184 | Shoals:2 | Identified Puxustido's Incunabulum of Ignition and Cold
 30766 | Shoals:3 | Noticed Ilsuiw
 31114 | Shoals:3 | Reached skill level 15 in Fighting
 31303 | Shoals:3 | Killed Ilsuiw
 31304 | Shoals:3 | Reached skill level 21 in Unarmed Combat
 31693 | Shoals:4 | Entered Level 4 of the Shoals
 31910 | Shoals:4 | Reached XP level 19. HP: 196/201 MP: 18/18
 33028 | Shoals:4 | Got a barnacled rune of Zot
 33380 | Elf:1    | Entered Level 1 of the Elven Halls
 33490 | Elf:1    | Noticed Asterion
 33504 | Elf:1    | Killed Asterion
 33650 | Elf:1    | Found an ancient bone altar of Kikubaaqudgha.
 33764 | Elf:1    | Noticed Frances
 33766 | Elf:1    | Noticed Roxanne
 33855 | Elf:1    | Found Mitiuh's Gadget Shoppe.
 34162 | Elf:1    | Killed Frances
 34397 | Elf:1    | Killed Roxanne
 34703 | Elf:2    | Found a huge runed translucent gate.
 34703 | Elf:2    | Found a huge runed translucent gate.
 34703 | Elf:2    | Found a huge runed translucent gate.
 34703 | Elf:2    | Found a huge runed translucent gate.
 34707 | Elf:2    | Found a huge runed translucent gate.
 34742 | Elf:2    | Found Quagikk's Antique Armour Boutique.
 34805 | Elf:2    | Found Qebrag's Jewellery Shop.
 34825 | Elf:2    | Bought an uncursed ring of willpower for 350 gold pieces
 34962 | Elf:2    | Reached XP level 20. HP: 184/215 MP: 19/19
 35065 | Elf:2    | Reached skill level 22 in Unarmed Combat
 35405 | Elf:2    | Cast into level 2 of the Abyss (+4 bardiche of distortion)
 35426 | Abyss:2  | Found a shimmering blue altar of Sif Muna.
 35672 | Abyss:2  | Found a corrupted altar of Lugonu.
 35817 | Elf:2    | Escaped the Abyss
 36135 | Vaults:1 | Entered Level 1 of the Vaults
 38303 | Vaults:2 | Noticed Frederick
 38312 | Vaults:2 | Killed Frederick
 38315 | Vaults:2 | Found Inapokia's Gadget Shoppe.
 38537 | Vaults:2 | Reached XP level 21. HP: 226/226 MP: 20/20
 38678 | Vaults:2 | Found a staircase to the Crypt.
 39243 | Vaults:3 | Reached skill level 23 in Unarmed Combat
 39861 | Vaults:3 | Lost intelligence.
 40606 | Vaults:4 | Found a runed translucent door.
 40606 | Vaults:4 | Noticed Dofenn's ghost (adept MiFi)
 40607 | Vaults:4 | Found the brooch of Shielding {Spirit SH+8}
 40649 | Vaults:4 | Reached XP level 22. HP: 237/239 MP: 21/21
 41291 | Vaults:4 | Killed Dofenn's ghost
 41500 | Depths:1 | Entered Level 1 of the Depths
 41521 | Depths:1 | Found a one-way gate to the infinite horrors of the Abyss.
 41707 | Depths:1 | Found a gateway to Hell.
 41777 | Depths:1 | Found Loiss's Gadget Shoppe.
 41777 | Depths:1 | Found Mequjudwagan's Jewellery Boutique.
 41778 | Depths:1 | Found Jymuttyo's Gadget Shoppe.
 41809 | Depths:1 | Bought a wand of acid (8) for 336 gold pieces
 41809 | Depths:1 | Bought a wand of acid (6) for 280 gold pieces
 42009 | Depths:1 | Found a one-way gate leading to the halls of Pandemonium.
 42143 | Depths:1 | Found Bousom's Distillery.
 42146 | Depths:1 | Bought a potion of flight for 45 gold pieces
 42146 | Depths:1 | Bought a potion of heal wounds for 75 gold pieces
 42146 | Depths:1 | Bought a potion of berserk rage for 75 gold pieces
 42146 | Depths:1 | Bought a potion of curing for 45 gold pieces
 42146 | Depths:1 | Bought a potion of mutation for 120 gold pieces
 42566 | Depths:2 | Found the +8 Wrath of Trog {antimagic, *Rage}
 42725 | Depths:2 | Reached skill level 24 in Unarmed Combat
 42811 | Depths:2 | Reached skill level 15 in Dodging
 42848 | Depths:2 | Reached skill level 15 in Armour
 43486 | Depths:3 | Reached XP level 23. HP: 244/249 MP: 22/22
 43537 | Depths:3 | Noticed a caustic shrike
 43545 | Depths:3 | Killed a caustic shrike
 44690 | Depths:4 | Noticed a caustic shrike
 44690 | Depths:4 | Noticed a caustic shrike
 44690 | Depths:4 | Noticed a caustic shrike
 44690 | Depths:4 | Noticed a caustic shrike
 44691 | Depths:4 | Noticed a caustic shrike
 44700 | Depths:4 | Killed a caustic shrike
 44706 | Depths:4 | Killed from afar by a spriggan air mage

Illustrated notes

Levels and vault maps discovered:
D:1:      amcnicky_arrival_double_pillar, layout_rooms, nrook_campfire
D:2:      layout_loops_ring, chequers_ecumenical_altar_simple
D:3:      layout_basic, gammafunk_ghost_grave, uniq_grinder, uniq_sigmund
D:4:      layout_basic, old_standard_altar, makhleb_altar_promises_db,
          uniq_crazy_yiuf_cottage
D:5:      layout_basic, grunt_temple_overflow_growth_and_decay,
          grunt_temple_overflow_open, minitemple
D:6:      layout_basic, minmay_temple_entry_from_below_a, portal_sewer_entry_f,
          dk_noncrumbling_2, uniq_prince_ribbit1
D:7:      layout_loops_ring, nicolae_ossuary_entry_false_entrances,
          enter_bailey_8, minmay_manual_mail
D:8:      layout_basic, nicolae_ru_awakened_eye, serial_shops, shop, shop,
          nicolae_shop_temple_entry_statues_fountains
D:9:      layout_basic, minmay_fractal_squares_gapless_5, uniq_erica,
          uniq_maurice
D:10:     layout_basic, basic_altar, special_room [special_room_bee]
D:11:     layout_loops_ring, lair_entry_dummy, erik_orc_3, serial_shops,
          shop_coins
D:12:     layout_basic, hellmonk_ghost_happy_afterlife, serial_shops,
          nicolae_shop_stone, uniq_rupert, uniq_gastronok, uniq_psyche
D:13:     gammafunk_jiyva_shrine, layout_gridville, small_statue_intersection
D:14:     layout_roguey, grunt_vaults_entry_tiered, grunt_dithmenos_smoke,
          nicolae_trove_entry_path_of_doom
D:15:     gammafunk_depths_entry_grave, layout_basic, nicolae_two_hexagons,
          serial_shops, nicolae_shop_waterfront, portal_ice_cave_rime,
          minmay_st_funbox
Lair:1:   layout_cave_pods
Lair:2:   layout_misc_corridors, minmay_shoals_entry_hut,
          guppyfry_snake_entry_garden, special_room, basic_altar
Lair:3:   layout_cave_pods, lemuel_fruit_tree, infiniplex_staircase_pool_2,
          grunt_megastairs_2
Lair:4:   layout_layer_cave, minmay_lair_oklob_bushes, zaba_anthell
Lair:5:   layout_regular_city, slime_altar_1, st_stairs_11, uniq_kirke
Lair:6:   hangedman_lair_caniforms_friends, layout_regular_city,
          guppyfry_lair_end_dragon, gauntlet_entry_generic,
          serial_bayou_shore_b, serial_bayou_shore_b, minmay_lair_oklob_chamber
Shoals:1: layout_shoals
Shoals:2: layout_shoals
Shoals:3: cheibrodos_shoals_epimethial_gifts, layout_shoals, uniq_ilsuiw
Shoals:4: shoals_end_grunt_ice, layout_shoals
Snake:1:  layout_misc_corridors
Snake:2:  layout_layer_cave, gammafunk_ghost_necromancy, uniq_donald
Snake:3:  layout_onion, grunt_megastairs_5, uniq_vashnia, uniq_jorgrun
Snake:4:  snake_pit, layout_gridlike, grunt_ministairs_7, uniq_aizul,
          uniq_bai_suzhen
Orc:1:    layout_caves, serial_shops, shop, mines4_lemuel
Orc:2:    grunt_orc_community_town_hall, layout_caves,
          grunt_orc_community_big_house_1, grunt_orc_community_big_house_1,
          grunt_orc_community_house_2, grunt_orc_community_house_2,
          grunt_orc_community_house_1, grunt_orc_community_house_2,
          grunt_orc_community_house_1, grunt_orc_community_house_1,
          serial_shops, shop, ebering_ghost_reflecting_pool, bh_open_orc_temple,
          uniq_saint_roka, uniq_azrael
Elf:1:    eino_elf_arrival_shootout, layout_gridlike, serial_shops,
          nicolae_shop_trees, basic_altar, hangedman_elven_crosses_minicolossus,
          uniq_roxanne, uniq_asterion, uniq_frances
Elf:2:    layout_geoelf_grid, minmay_shoptagon
Vaults:1: nicolae_vaults_ninety_degrees, nicolae_vaults_halls_meeting,
          v_misc_15, v_pattern_5, nicolae_vaults_twisting_passages,
          vaults_room_grid, vaults_room_door_ring, nicolae_vaults_network_s,
          vaults_dpeg_doors, hangedman_vaults_restitches,
          vaults_room_stairs_pillars, layout_vaults_omnigrid
Vaults:2: v_alt_pattern_3, v_misc_1, minmay_crypt_entry_skeletal_spiral,
          v_misc_32, hangedman_vaults_slice, v_misc_8,
          hangedman_vaults_river_flow, serial_ice_b, hangedman_vaults_snaps,
          layout_vaults_omnibox, serial_shops, nicolae_shop_crystal,
          uniq_frederick
Vaults:3: nicolae_vaults_triangles, vaults_mumra_chevron_long, v_misc_2,
          v_misc_33, serial_ice_b, vaults_standard_mumra_x, v_misc_2,
          nicolae_vaults_little_squares_1, v_alt_pattern_5, grunt_vaults_focal,
          st_cross, ontoclasm_vaults_tryst, layout_vaults_ring
Vaults:4: gammafunk_vaults_ghost_grave, v_pattern_2, nicolae_vaults_rhombus_5,
          nicolae_vaults_an_arrangement, v_misc_23, vaults_dpeg_hooks,
          vaults_room_pool, ontoclasm_vaults_pinch, v_misc_9,
          ontoclasm_vaults_idyll, ontoclasm_vaults_chip,
          dpeg_vaults_monster_box, nicolae_vaults_hallways_thing, v_misc_18,
          vaults_standard_mumra_enter_the_diamond, layout_vaults_omnicross
Depths:1: layout_cave_shapes, rand_demon_pan_entry_1, minmay_misc_feat_chi,
          abyss_entry, serial_shops, kennysheep_mini, hell_entry,
          minmay_misc_feat_nine_boxes, kilobyte_rumbling_trees, firewood_loft,
          minmay_shop_grove
Depths:2: kennysheep_funnel, layout_cave_shapes, abyss_entry,
          rand_demon_pan_entry_7, grunt_hell_entry_dis_grunt,
          serial_bayou_pond_d, minmay_guarded_unrand_wrath_of_trog,
          infiniplex_staircase_spiral
Depths:3: nzn_winding_woodlands_stair_trap [nzn_winding_woodlands_5x15_pool,
          nzn_winding_woodlands_5x15_crooked, nzn_winding_woodlands_5x15_cabin,
          nzn_winding_woodlands_15x15_thick_spiral,
          nzn_winding_woodlands_5x15_concentric,
          nzn_winding_woodlands_5x15_garden,
          nzn_winding_woodlands_5x15_pathside_ponds], layout_honeycomb,
          tso_metal_star, pf_vacation_house_of_asmodeus, rand_demon_pan_entry_8,
          st_stairs_10, infiniplex_staircase_river, serial_bayou_shore_a
Depths:4: grunt_runaround [grunt_runaround_doors_1, grunt_runaround_doors_2,
          grunt_runaround_doors_3, grunt_runaround_doors_4,
          grunt_runaround_loot], abyss_entry, pan_entry, hell_entry

Skill      XL: |  1  2  3  4  5  6  7  8  9 10 11 12 13 14 15 16 17 18 19 20 21 22 23 |
---------------+----------------------------------------------------------------------+-----
Unarmed Combat | 4 6 8 9 10 11 12 13 14 16 17 18 19 20 21 22 23 24 | 24.5
Fighting       | 3 4 5 6 7 8 9 10 11 13 15 16 17 18 19 | 19.3
Throwing       | 3 4 5 |  5.0
Dodging        | 3 4 5 6 7 8 9 10 11 12 13 14 15 | 15.4
Armour         | 4 6 7 8 9 10 11 12 13 14 15 | 15.3

Action                   |  1- 3 |  4- 6 |  7- 9 | 10-12 | 13-15 | 16-18 | 19-21 | 22-24 || total
-------------------------+-------+-------+-------+-------+-------+-------+-------+-------++-------
Melee: Unarmed           |   103 |    49 |   444 |   669 |  1438 |  1501 |  1537 |   713 ||  6454
       Punch             |     3 |     1 |    27 |    53 |   205 |   242 |   247 |   137 ||   915
Throw: Throwing net      |       |     5 |       |     6 |     7 |       |       |       ||    18
       Boomerang         |       |       |       |       |     3 |     9 |     4 |       ||    16
       Javelin           |       |       |       |       |       |       |    31 |       ||    31
Evoke: Wand              |       |     2 |       |     9 |    30 |     6 |       |       ||    47
  Use: Scroll            |     7 |     1 |    17 |    10 |    13 |     6 |     3 |     1 ||    58
       Potion            |       |     1 |       |     5 |     5 |     9 |     6 |     1 ||    27
 Stab: Sleeping          |       |     1 |       |     4 |       |       |       |       ||     5
       Distracted        |       |       |     1 |       |       |       |       |       ||     1
       Held in net/web   |       |       |       |     5 |     9 |       |       |       ||    14
Armor: Robe              |    49 |    13 |   118 |    69 |       |       |       |       ||   249
       Troll leather arm |       |       |       |   187 |   109 |       |       |       ||   296
       Storm dragon scal |       |       |       |       |   640 |   915 |   860 |   274 ||  2689
Dodge: Dodged            |    54 |    29 |   167 |   411 |   889 |  1029 |   965 |   337 ||  3881
Block: Other             |       |       |       |       |   313 |   318 |   299 |    97 ||  1027
       Reflection        |       |       |       |       |    16 |    26 |    22 |     3 ||    67

Table legend: (Time is in decaauts)
 A = Elapsed time spent in this place.
 B = Non-inter-level travel time spent in this place.
 C = Inter-level travel time spent in this place.
 D = Time resting spent in this place.
 E = Time spent auto-exploring this place.
 F = Levels seen in this place.
 G = Mean time per level.
                   A        B        C        D        E       F      G
               +--------+--------+--------+--------+--------+-----+--------+
         Total |  43464 |  39927 |   3537 |   3854 |  24631 |  47 |  924.8 |
       Dungeon |  12862 |  11104 |   1758 |    675 |   7697 |  15 |  857.5 |
          Lair |   6610 |   5982 |    628 |    362 |   4001 |   6 | 1101.7 |
        Shoals |   4039 |   3848 |    191 |    523 |   2267 |   4 | 1009.8 |
     Snake Pit |   5215 |   5006 |    209 |   1492 |   2115 |   4 | 1303.8 |
  Orcish Mines |   2139 |   1899 |    240 |     95 |    936 |   2 | 1069.5 |
   Elven Halls |   2074 |   1925 |    149 |    158 |   1190 |   2 | 1037.0 |
        Vaults |   5208 |   4971 |    237 |    356 |   3380 |   4 | 1302.0 |
        Depths |   2949 |   2827 |    122 |    191 |   1944 |   4 |  737.2 |
         Abyss |    373 |    373 |      0 |      0 |    204 |   1 |  373.0 |
         Sewer |    498 |    498 |      0 |      0 |    233 |   1 |  498.0 |
       Ossuary |    349 |    349 |      0 |      0 |    140 |   1 |  349.0 |
        Bailey |      5 |      5 |      0 |      0 |      0 |   1 |    5.0 |
      Ice Cave |    673 |    673 |      0 |      0 |    356 |   1 |  673.0 |
      Gauntlet |    464 |    464 |      0 |      0 |    165 |   1 |  464.0 |
               +--------+--------+--------+--------+--------+-----+--------+

Top non-repeatable levels by time:
 Snake:4: 2458 daAuts
  Lair:6: 1795 daAuts
   Orc:2: 1521 daAuts
Shoals:4: 1505 daAuts
Vaults:1: 1460 daAuts
Vaults:3: 1393 daAuts
    D:11: 1309 daAuts
  Lair:4: 1289 daAuts
Vaults:4: 1278 daAuts
 Snake:2: 1237 daAuts
     D:3: 1199 daAuts
Depths:3: 1117 daAuts
Vaults:2: 1075 daAuts
    D:14: 1073 daAuts
Shoals:3: 1071 daAuts
